 Dungeon Crawl Stone Soup version 0.24-a0-434-gd57e52fea8 (webtiles) character file.

Game seed: 17153800595003895382

16448 Defined the Thaumaturge (level 12, -4/91 HPs)
             Began as a Gnoll Wizard on June 15, 2019.
             Was a Priest of Sif Muna.
             Slain by a spiny frog (23 damage)
             ... on level 1 of the Lair of Beasts.
             The game lasted 00:54:34 (16035 turns).

Defined the Thaumaturge (Gnoll Wizard)             Turns: 16035, Time: 00:54:34

Health: -4/91      AC: 13    Str: 10    XL:     12   Next: 37%
Magic:  26/26      EV: 18    Int: 26    God:    Sif Muna [***...]
Gold:   969        SH:  0    Dex: 18    Spells: 20/31 levels left

rFire    . . .     SeeInvis +   a - +2 rapier (venom)
rCold    . . .     Gourm    .   (no shield)
rNeg     + . .     Faith    .   B - +2 leather armour of Makhleb's Supremacy {Int+2 SInv}
rPois    .         Spirit   .   p - +2 helmet
rElec    .         Reflect  .   r - scarf {cloud immunity}
rCorr    .         Harm     .   s - +2 pair of gloves
MR       .....                  O - +0 pair of boots
Stlth    ++++......             e - amulet of magic regeneration
HPRegen  0.25/turn              i - +3 ring of dexterity
MPRegen  0.45/turn              S - ring of positive energy

@: lethally poisoned (-4 -> -19), divine energy
A: distributed training, fangs 1, strong nose
a: Stop Divine Energy, Channel Magic, Renounce Religion


You were on level 1 of the Lair of Beasts.
You worshipped Sif Muna.
Sif Muna was most pleased with you.
You were not hungry.

You visited 3 branches of the dungeon, and saw 14 of its levels.
You also visited: Ossuary.

You collected 1064 gold pieces.
You spent 95 gold pieces at shops.

Inventory:

Hand Weapons
 a - a +2 rapier of venom (weapon)
Missiles
 q - 60 poisoned darts (quivered)
 u - 2 throwing nets
Armour
 p - a +2 helmet (worn)
 r - a scarf of cloud immunity (worn)
 s - a +2 pair of gloves (worn)
 B - the +2 leather armour of Makhleb's Supremacy (worn) {Int+2 SInv}
   (You found it on level 6 of the Dungeon)

   It affects your intelligence (+2).
   It lets you see invisible.
 O - a +0 pair of boots (worn)
Jewellery
 e - an amulet of magic regeneration (around neck)
 i - a +3 ring of dexterity (left hand)
 Q - an uncursed ring of ice
 S - a ring of positive energy (right hand)
Wands
 h - a wand of polymorph (8)
 t - a wand of iceblast (39)
 K - a wand of flame (47)
 N - a wand of enslavement (9)
 X - a wand of acid (11)
Scrolls
 c - 3 scrolls of blinking
 f - a scroll of enchant weapon {unknown}
 l - 5 scrolls of immolation
 v - 6 scrolls of teleportation
 w - a scroll of fear
 A - a scroll of brand weapon {unknown}
 C - a scroll of silence {unknown}
 D - a scroll of random uselessness {unknown}
 G - a scroll of noise {unknown}
 P - a scroll of remove curse
 T - a scroll of acquirement {unknown}
 V - a scroll of torment {unknown}
 W - a scroll of fog
 Y - a scroll of identify
Potions
 b - 2 potions of lignification
 g - 3 potions of curing
 k - a potion of heal wounds
 m - 3 potions of agility
 n - a potion of flight
 o - 2 potions of might
 x - a potion of resistance
 z - a potion of brilliance {unknown}
 F - 2 potions of invisibility
 H - 2 potions of magic
 I - 2 potions of degeneration {unknown}
 J - a potion of haste
 L - 2 potions of mutation {unknown}
 M - 2 potions of ambrosia {unknown}
Miscellaneous
 U - a crystal ball of energy
 Z - a lightning rod (4/4)
Comestibles
 d - 21 rations


   Skills:
 + Level 7.1 Fighting
 + Level 7.1 Short Blades
 + Level 7.1 Long Blades
 + Level 7.1 Axes
 + Level 7.1 Maces & Flails
 + Level 7.1 Polearms
 + Level 7.1 Staves
 + Level 7.1 Slings
 + Level 7.1 Bows
 + Level 7.1 Crossbows
 + Level 7.1 Throwing
 + Level 7.1 Armour
 + Level 8.5 Dodging
 + Level 8.3 Stealth
 + Level 7.1 Shields
 + Level 7.1 Unarmed Combat
 + Level 10.1 Spellcasting
 + Level 6.3 Conjurations
 + Level 5.9 Hexes
 + Level 5.9 Charms
 + Level 6.3 Summonings
 + Level 5.9 Necromancy
 + Level 6.3 Translocations
 + Level 5.9 Transmutations
 + Level 5.9 Fire Magic
 + Level 5.9 Ice Magic
 + Level 5.9 Air Magic
 + Level 5.9 Earth Magic
 + Level 5.9 Poison Magic
 + Level 7.8 Invocations
 + Level 7.1 Evocations


You had 20 spell levels left.
You knew the following spells:

 Your Spells              Type           Power        Failure   Level  Hunger
a - Magic Dart            Conj           ####         1%          1    None
b - Call Imp              Summ           #####...     1%          2    None
c - Conjure Flame         Conj/Fire      #####...     1%          3    None
d - Mephitic Cloud        Conj/Pois/Air  #####...     1%          3    None
z - Blink                 Tloc           N/A          1%          2    None

Your spell library contained the following spells:

 Spells                   Type           Power        Failure   Level  Hunger
 Slow                     Hex            #####...     1%          2    None


Dungeon Overview and Level Annotations

Branches:
Dungeon (12/15)            Temple (1/1) D:7            Lair (1/6) D:9
    Orc (0/2) D:11

Altars:
Ashenzari
Cheibriados
Dithmenos
Elyvilon
Fedhas
Gozag
Hepliaklqana
Kikubaaqudgha
Makhleb
Nemelex Xobeh
Okawaru
Qazlal
Ru
Sif Muna
Trog
Uskayaw
Vehumet
Wu Jian
Xom
Yredelemnul
Beogh

Shops:
D:9 (*   D:11 (*}

Annotations:
D:5 2 transporters, Ratty's ghost, novice MiMo
D:9 2 transporters, aaksess's ghost, novice OgHu


Innate Abilities, Weirdness & Mutations

Your experience applies equally to all skills.
You have very sharp teeth.
Your uncanny sense of smell can sniff out nearby items.


Message History

You hit the spiny frog but do no damage.
The spiny frog looks as sick as possible!
You bite the spiny frog.
The spiny frog is almost dead.
You feel sick. The spiny frog stings you.
You hit the spiny frog but do no damage.
The spiny frog is almost dead.
You feel sick. The spiny frog closely misses you.
You feel sick. The spiny frog stings you!
You are more poisoned.
The spiny frog poisons you!
You feel very sick.
You feel sick.
You feel sick. The spiny frog stings you.
* * * LOW HITPOINT WARNING * * *
You feel sick.
You completely miss the spiny frog.
The spiny frog is almost dead.
You feel sick. The spiny frog stings you!!
You die...

...............#+#+#...#
.......................##
........................## #####
...........#.P.#.##....#.###...##
...........########P...(.........
#.###.#.....# ##............. ##
##.....#### ###..............
##....#..###P#P.......####P.
#.........F@................
##.....................>....
##......................#.###
.^.............................
##.###.#.############P####.###P
## ##### ### ### ##


You could see a spiny frog.

Vanquished Creatures
  A hydra (D:11)
  Harold (D:7)
  An unseen horror (D:11)
  An orc knight (D:11)
  An ugly thing (D:11)
  2 spiny frogs (Lair:1)
  A gargoyle (D:11)
  A komodo dragon (D:11)
  A troll (D:9)
  A hornet (D:8)
  4 polar bears (Lair:1)
  Prince Ribbit (D:7)
  5 hippogriffs
  2 wyverns
  19 yaks
  A shadow (D:11)
  3 hungry ghosts
  A steam dragon (D:9)
  A soldier ant (D:11)
  3 water moccasins
  2 porcupines (Lair:1)
  12 orc warriors
  A sky beast (D:11)
  2 ice beasts
  5 phantoms
  A necrophage (D:11)
  3 ogres
  2 wolves (D:9)
  A centaur (D:8)
  2 crocodiles
  A big kobold (D:8)
  Blork the orc (D:5)
  7 bullfrogs
  A gnoll sergeant (D:7)
  A water moccasin zombie (D:7)
  5 scorpions
  9 killer bees
  5 electric eels
  8 wights
  3 howler monkeys
  2 crimson imps
  A quasit (D:9)
  9 hounds
  11 orc priests
  A bullfrog skeleton (D:5)
  3 jellies
  9 iguanas
  2 centaur skeletons
  10 orc wizards
  7 worker ants
  2 killer bee zombies
  2 hound skeletons
  A howler monkey zombie (D:11)
  6 mummies (Ossuary)
  A worker ant zombie (D:9)
  9 gnolls
  7 adders
  3 shadow imps
  2 oozes
  An adder skeleton (D:4)
  3 worms
  6 leopard geckos
  56 orcs
  6 bats
  4 giant cockroaches
  16 goblins
  9 hobgoblins
  10 jackals
  4 kobolds
  7 quokkas
  3 frilled lizards
  2 hobgoblin zombies (Ossuary)
  A jackal skeleton (D:7)
  3 kobold zombies (Ossuary)
  3 leopard gecko skeletons
  An orc zombie (Ossuary)
  A quokka skeleton (D:7)
  2 quokka zombies
  5 rats
  A rat zombie (D:8)
  A plant (D:2)
356 creatures vanquished.

Vanquished Creatures (collateral kills)
  Sigmund (D:5)
  Menkaure (D:7)
  A warg (D:11)
  2 killer bees (D:11)
  A howler monkey (D:7)
  An orc wizard (D:3)
  2 mummies (Ossuary)
  Robin (D:2)
  2 gnolls
  A leopard gecko (D:5)
  4 orcs
  A goblin (D:1)
  A hobgoblin (D:2)
  A jackal skeleton (D:6)
  A kobold zombie (Ossuary)
  An orc zombie (Ossuary)
22 creatures vanquished.

Vanquished Creatures (others)
  An orc warrior (D:3)
  An electric eel (D:9)
  An orc priest (D:3)
  An orc wizard (D:3)
  An adder (D:4)
  A shadow imp (D:9)
  A hobgoblin (D:2)
  7 plants (Lair:1)
14 creatures vanquished.

Grand Total: 392 creatures vanquished

Notes
Turn   | Place    | Note
-------+----------+-------------------------------------------
     0 | D:1      | Defined the Gnoll Wizard began the quest for the Orb.
     0 | D:1      | Reached XP level 1. HP: 13/13 MP: 8/8
   110 | D:1      | Reached XP level 2. HP: 19/19 MP: 3/10
   345 | D:1      | Learned a level 2 spell: Blink
   348 | D:1      | Learned a level 2 spell: Call Imp
   584 | D:1      | Reached XP level 3. HP: 25/25 MP: 2/11
   870 | D:2      | Learned a level 3 spell: Conjure Flame
   874 | D:2      | Learned a level 3 spell: Mephitic Cloud
   900 | D:2      | Reached skill level 1 in Invocations
   945 | D:2      | Reached skill level 1 in Fighting
   945 | D:2      | Reached skill level 1 in Short Blades
   945 | D:2      | Reached skill level 1 in Long Blades
   945 | D:2      | Reached skill level 1 in Axes
   945 | D:2      | Reached skill level 1 in Maces & Flails
   945 | D:2      | Reached skill level 1 in Polearms
   945 | D:2      | Reached skill level 1 in Staves
   945 | D:2      | Reached skill level 1 in Slings
   945 | D:2      | Reached skill level 1 in Bows
   945 | D:2      | Reached skill level 1 in Crossbows
   945 | D:2      | Reached skill level 1 in Throwing
   945 | D:2      | Reached skill level 1 in Armour
   945 | D:2      | Reached skill level 1 in Shields
   945 | D:2      | Reached skill level 1 in Unarmed Combat
   945 | D:2      | Reached skill level 1 in Evocations
  1042 | D:2      | Noticed Robin
  1043 | D:2      | Reached XP level 4. HP: 11/32 MP: 5/13
  1601 | D:2      | Killed Robin
  1601 | D:2      | Reached skill level 1 in Hexes
  1601 | D:2      | Reached skill level 1 in Charms
  1601 | D:2      | Reached skill level 1 in Necromancy
  1601 | D:2      | Reached skill level 1 in Transmutations
  1601 | D:2      | Reached skill level 1 in Fire Magic
  1601 | D:2      | Reached skill level 1 in Ice Magic
  1601 | D:2      | Reached skill level 1 in Air Magic
  1601 | D:2      | Reached skill level 1 in Earth Magic
  1601 | D:2      | Reached skill level 1 in Poison Magic
  1681 | D:2      | Found a faded altar of an unknown god.
  1824 | D:3      | Reached XP level 5. HP: 37/37 MP: 5/14
  1917 | D:3      | Noticed an orc warrior
  1927 | D:3      | Banished an orc warrior
  1937 | D:3      | Reached XP level 6. HP: 41/44 MP: 9/16
  2496 | D:3      | Found an iron altar of Okawaru.
  2967 | D:4      | Found a sacrificial altar of Ru.
  2967 | D:4      | Found a burning altar of Makhleb.
  2995 | D:4      | Noticed a sky beast
  3000 | D:4      | Reached skill level 5 in Dodging
  3155 | D:4      | Found a stormy altar of Qazlal.
  3157 | D:4      | Reached XP level 7. HP: 50/50 MP: 18/18
  3428 | D:5      | Entered Level 5 of the Dungeon
  3677 | D:5      | Found a white marble altar of Elyvilon.
  3677 | D:5      | Noticed Sigmund
  3720 | D:5      | Killed Sigmund
  3720 | D:5      | Reached skill level 5 in Stealth
  3829 | D:5      | Noticed Blork the orc
  3838 | D:5      | Killed Blork the orc
  3838 | D:5      | Reached XP level 8. HP: 56/57 MP: 15/19
  3842 | D:5      | Noticed Ratty's ghost (novice MiMo)
  3852 | D:5      | Found a transporter.
  3870 | D:5      | Found a transporter.
  4703 | D:6      | Found a shadowy altar of Dithmenos.
  4870 | D:6      | Reached skill level 8 in Spellcasting
  5049 | D:6      | Got a fine leather armour
  5060 | D:6      | Identified the +2 leather armour of Makhleb's Supremacy
                  | {Int+2 SInv} (You found it on level 6 of the Dungeon)
  5151 | D:6      | Reached XP level 9. HP: 59/65 MP: 17/21
  5348 | D:6      | Found a stormy altar of Qazlal.
  5870 | D:7      | Noticed Harold
  5880 | D:7      | Found an opulent altar of Gozag.
  5889 | D:7      | Killed Harold
  5978 | D:7      | Reached skill level 5 in Invocations
  6254 | D:7      | Noticed Prince Ribbit
  6261 | D:7      | Killed Prince Ribbit
  6264 | D:7      | Found a staircase to the Ecumenical Temple.
  6273 | D:7      | Reached XP level 10. HP: 46/73 MP: 19/22
  6295 | D:7      | Noticed Menkaure
  6517 | D:7      | Killed Menkaure
  6954 | Temple   | Entered the Ecumenical Temple
  7031 | Temple   | Became a worshipper of Sif Muna the Loreminder
  7368 | D:8      | Found a sparkling altar of Nemelex Xobeh.
  7401 | D:8      | Found a sand-covered staircase.
  7420 | D:8      | Reached skill level 5 in Fighting
  7420 | D:8      | Reached skill level 5 in Short Blades
  7420 | D:8      | Reached skill level 5 in Long Blades
  7420 | D:8      | Reached skill level 5 in Axes
  7420 | D:8      | Reached skill level 5 in Maces & Flails
  7420 | D:8      | Reached skill level 5 in Polearms
  7420 | D:8      | Reached skill level 5 in Staves
  7420 | D:8      | Reached skill level 5 in Slings
  7420 | D:8      | Reached skill level 5 in Bows
  7420 | D:8      | Reached skill level 5 in Crossbows
  7420 | D:8      | Reached skill level 5 in Throwing
  7420 | D:8      | Reached skill level 5 in Armour
  7420 | D:8      | Reached skill level 5 in Shields
  7420 | D:8      | Reached skill level 5 in Unarmed Combat
  7420 | D:8      | Reached skill level 5 in Evocations
  7475 | Ossuary  | Entered an ossuary
  8658 | D:8      | Reached skill level 9 in Spellcasting
  8681 | D:8      | You fall into a shaft and drop 2 floors!
  8681 | D:10     | Entered Level 10 of the Dungeon
  8868 | D:10     | Reached skill level 5 in Conjurations
  8868 | D:10     | Reached skill level 5 in Summonings
  8868 | D:10     | Reached skill level 5 in Translocations
  9605 | D:11     | Noticed a gargoyle
  9606 | D:11     | Reached * piety under Sif Muna
  9786 | D:11     | Paralysed by fainting for 8 turns
  9963 | D:11     | Noticed an unseen horror
  9982 | D:11     | Killed an unseen horror
  9982 | D:11     | Reached XP level 11. HP: 48/80 MP: 20/24
 10307 | D:11     | Found a staircase to the Orcish Mines.
 10309 | D:11     | Noticed a purple ugly thing
 10329 | D:11     | Killed a purple ugly thing
 10390 | D:11     | Found Odghis's Weapon Boutique.
 10947 | D:11     | Reached ** piety under Sif Muna
 10947 | D:11     | Reached skill level 5 in Hexes
 10947 | D:11     | Reached skill level 5 in Charms
 10947 | D:11     | Reached skill level 5 in Necromancy
 10947 | D:11     | Reached skill level 5 in Transmutations
 10947 | D:11     | Reached skill level 5 in Fire Magic
 10947 | D:11     | Reached skill level 5 in Ice Magic
 10947 | D:11     | Reached skill level 5 in Air Magic
 10947 | D:11     | Reached skill level 5 in Earth Magic
 10947 | D:11     | Reached skill level 5 in Poison Magic
 10958 | D:11     | Noticed a four-headed hydra
 11009 | D:11     | Killed a four-headed hydra
 11397 | D:11     | Found Mihicepe's General Store.
 11842 | D:11     | Noticed an orc knight
 11882 | D:11     | Killed an orc knight
 12096 | D:11     | Found a roughly hewn altar of Beogh.
 12160 | D:11     | Found Hixotwei's Gadget Shop.
 12260 | D:12     | Noticed a cyclops
 12650 | D:9      | Identified the +0 chain mail of Bedevilment {rC+ Str+4}
 12997 | D:9      | Found a staircase to the Lair.
 13429 | D:9      | Found a blossoming altar of Fedhas.
 13478 | D:9      | Found a transporter.
 13491 | D:9      | Noticed aaksess's ghost (novice OgHu)
 13507 | D:9      | Found a transporter.
 13892 | D:9      | Found Guxe's Weapon Emporium.
 13927 | D:9      | Found Zoraesok's Island Escapes.
 14033 | D:9      | Bought a scroll of blinking for 75 gold pieces
 14033 | D:9      | Bought a scroll of fog for 20 gold pieces
 14385 | Lair:1   | Entered Level 1 of the Lair of Beasts
 14407 | Lair:1   | Reached XP level 12. HP: 76/89 MP: 25/25
 14494 | Lair:1   | Reached *** piety under Sif Muna
 14678 | Lair:1   | Reached skill level 10 in Spellcasting
 16035 | Lair:1   | Slain by a spiny frog

Levels and vault maps discovered:
D:1:      dpeg_arrival_oval, layout_basic, minmay_tromino_v4_a
D:2:      layout_rooms, chequers_ecumenical_altar_lobes, first_ration,
          uniq_robin
D:3:      layout_rooms, okawaru_gym_becter
D:4:      layout_loops_cross, kennysheep_little_box,
          gammafunk_temple_overflow_elements
D:5:      layout_loops_ring, elyvilon_altar_5, gammafunk_ghost_arena,
          uniq_sigmund, uniq_blork_the_orc
D:6:      layout_rooms, overflow_temple_1_default, grunt_qazlal_sundering
D:7:      layout_loops_ring, nicolae_gozag_seed_capital,
          minmay_temple_entry_waves, corexii_leaking_fountain, uniq_harold,
          uniq_prince_ribbit1, uniq_menkaure
D:8:      layout_rooms, enter_ossuary_4, basic_altar, blue_anna_alchemist
          [blue_anna_fruit_fields, blue_anna_fruit_fields], serial_bayou_ford_a,
          minmay_misc_feat_roman, chequers_jeans, lightli_corner_chamber
D:9:      layout_loops_ring, lemuel_round_altar, erik_lair_island,
          gammafunk_ghost_stat_death, serial_shops, kennysheep_mini_moat,
          nicolae_island_escapes
D:10:     layout_roguey, serial_rivers, chequers_serial_rivers_micro_d,
          chequers_serial_rivers_room_a, chequers_serial_rivers_small_b,
          chequers_serial_rivers_room_a, chequers_serial_rivers_small_a,
          chequers_serial_rivers_micro_a
D:11:     layout_grid_maze, david_orc_3, serial_shops, shop,
          nicolae_shop_window_shopping, shop, special_room [special_room_orc]
D:12:     layout_loops_ring, basic_altar, uniq_gastronok
Temple:   regret_index_temple_generic_petals
Lair:1:   layout_chaotic_city, cheibrodos_lair_lostbears

Skill      XL: |  1  2  3  4  5  6  7  8  9 10 11 12 |
---------------+-------------------------------------+-----
Conjurations   | 2 3 4 5 6 |  6.3
Summonings     | 2 3 4 5 6 |  6.3
Translocations | 2 3 4 5 6 |  6.3
Invocations    | 1 2 3 4 5 6 7 |  7.8
Fighting       | 1 2 3 4 5 6 7 |  7.1
Short Blades   | 1 2 3 4 5 6 7 |  7.1
Long Blades    | 1 2 3 4 5 6 7 |  7.1
Axes           | 1 2 3 4 5 6 7 |  7.1
Maces & Flails | 1 2 3 4 5 6 7 |  7.1
Polearms       | 1 2 3 4 5 6 7 |  7.1
Staves         | 1 2 3 4 5 6 7 |  7.1
Slings         | 1 2 3 4 5 6 7 |  7.1
Bows           | 1 2 3 4 5 6 7 |  7.1
Crossbows      | 1 2 3 4 5 6 7 |  7.1
Throwing       | 1 2 3 4 5 6 7 |  7.1
Armour         | 1 2 3 4 5 6 7 |  7.1
Shields        | 1 2 3 4 5 6 7 |  7.1
Unarmed Combat | 1 2 3 4 5 6 7 |  7.1
Evocations     | 1 2 3 4 5 6 7 |  7.1
Hexes          | 1 2 3 4 5 |  5.9
Charms         | 1 2 3 4 5 |  5.9
Necromancy     | 1 2 3 4 5 |  5.9
Transmutations | 1 2 3 4 5 |  5.9
Fire Magic     | 1 2 3 4 5 |  5.9
Ice Magic      | 1 2 3 4 5 |  5.9
Air Magic      | 1 2 3 4 5 |  5.9
Earth Magic    | 1 2 3 4 5 |  5.9
Poison Magic   | 1 2 3 4 5 |  5.9
Dodging        | 5 6 7 8 |  8.5
Stealth        | 5 6 7 8 |  8.3
Spellcasting   | 8 9 10 | 10.1

Action                   |  1- 3 |  4- 6 |  7- 9 | 10-12 || total
-------------------------+-------+-------+-------+-------++-------
Melee: Spear             |     3 |       |       |       ||     3
       Dagger            |    39 |   122 |    41 |       ||   202
       Bite              |     4 |    10 |    39 |   111 ||   164
       Punch             |       |     1 |     5 |    15 ||    21
       Rapier            |       |       |   278 |   821 ||  1099
Throw: Dart              |       |    10 |       |    21 ||    31
 Cast: Magic Dart        |    42 |    30 |    64 |   154 ||   290
       Call Imp          |     6 |    13 |    15 |    30 ||    64
       Conjure Flame     |     1 |       |     1 |    11 ||    13
       Mephitic Cloud    |       |     7 |    11 |    64 ||    82
       Blink             |       |       |     1 |     6 ||     7
Invok: Divine Energy     |       |       |       |     1 ||     1
Evoke: Wand              |       |       |       |     2 ||     2
  Use: Scroll            |       |       |    12 |     8 ||    20
       Potion            |       |       |     4 |     9 ||    13
 Stab: Confused          |       |     3 |     9 |    28 ||    40
       Distracted        |       |       |     1 |     2 ||     3
       Sleeping          |       |       |     4 |    10 ||    14
  Eat: Chunk             |       |     6 |    11 |    29 ||    46
       Ration            |       |       |       |     4 ||     4
Armor: Robe              |    14 |     9 |       |       ||    23
       Leather armour    |       |     5 |    73 |   249 ||   327
Dodge: Dodged            |    51 |    91 |   231 |   686 ||  1059

Table legend:
 A = Non-vault XP
 B = Vault XP
 C = Vault XP percentage of total XP
 D = Non-vault monster count
 E = Vault monster count
 F = Vault count percentage of total count
                 A         B        C        D         E       F
            +---------+---------+-------+---------+---------+-------
      Total |   17686 |    5812 |  24.7 |     299 |      84 |  21.9
            +---------+---------+-------+---------+---------+-------
        D:1 |      37 |      15 |  28.8 |      22 |       3 |  12.0
        D:2 |      79 |      31 |  28.2 |      15 |      12 |  44.4
        D:3 |     222 |       0 |   0.0 |      24 |       0 |   0.0
        D:4 |     335 |       0 |   0.0 |      17 |       0 |   0.0
        D:5 |     516 |     271 |  34.4 |      23 |       2 |   8.0
        D:6 |    1575 |       0 |   0.0 |      33 |       0 |   0.0
        D:7 |     990 |    1322 |  57.2 |      28 |       3 |   9.7
        D:8 |    1276 |     106 |   7.7 |      24 |       3 |  11.1
        D:9 |    2763 |     797 |  22.4 |      30 |       9 |  23.1
       D:10 |     908 |       0 |   0.0 |      19 |       0 |   0.0
       D:11 |    4637 |    1976 |  29.9 |      40 |      32 |  44.4
     Lair:1 |    4348 |    1165 |  21.1 |      24 |       4 |  14.3
    Ossuary |       0 |     129 | 100.0 |       0 |      16 | 100.0
            +---------+---------+-------+---------+---------+-------
